 Dungeon Crawl Stone Soup version 0.31-a0-879-g1609e0ac53 (webtiles) character file.

Game seed: 12792474622897985732

273 randomguy2701 the Thaumaturge (level 6, -6/47 HPs)
             Began as a Gnoll Wanderer on Oct 14, 2023.
             Was an Initiate of Gozag.
             Mangled by a gnoll bouda
             ... wielding a +0 whip
              (11 damage)
             ... on level 3 of the Dungeon.
             The game lasted 00:04:08 (3003 turns).

randomguy2701 the Thaumaturge (Gnoll Wanderer)      Turns: 3003, Time: 00:04:09

Health: -6/47      AC:  3    Str: 12    XL:     6   Next: 23%
Magic:  11/20      EV: 12    Int: 10    God:    Gozag
Gold:   186        SH:  0    Dex: 14    Spells: 26/27 levels left

rFire   . . .        a - +2 falchion
rCold   . . .        (no shield)
rNeg    . . .        m - +0 robe
rPois   .            (no helmet)
rElec   .            (no cloak)
rCorr   .            (no gloves)
SInv    +            l - +0 pair of boots
Will    .....        (no amulet)
Stlth   ++           i - ring of see invisible
HPRegen 0.27/turn    (no ring)
MPRegen 0.17/turn

%: no passive effects
@: gold aura
A: fangs 1, strong nose, distributed training
a: Renounce Religion, Potion Petition, Call Merchant, Bribe Branch


You were on level 3 of the Dungeon.
You worshipped Gozag.
Gozag was aware of your devotion.
You visited 1 branch of the dungeon, and saw 4 of its levels.

You collected 237 gold pieces.
You paid 51 gold pieces to Gozag.

Inventory:

Hand Weapons
 a - a +2 falchion (weapon)
Armour
 b - a +0 scale mail
 l - a +0 pair of boots (worn)
 m - a +0 robe (worn)
Jewellery
 i - a ring of see invisible (left hand)
 o - a ring of wizardry
 r - a +6 ring of strength
Scrolls
 d - a scroll of enchant weapon {unknown}
 f - a scroll of immolation {unknown}
 h - 2 scrolls of blinking {unknown}
 j - a scroll of vulnerability {unknown}
 n - a scroll of noise {unknown}
 q - 2 scrolls of identify {unknown}
 v - 2 scrolls of enchant armour {unknown}
 w - a scroll of fear {unknown}
Potions
 c - a potion of brilliance
 e - 3 potions of degeneration {unknown}
 g - 4 potions of resistance {unknown}
 k - a potion of heal wounds {unknown}
 p - a potion of enlightenment {unknown}
 s - a potion of invisibility {unknown}
 t - 3 potions of curing {unknown}
 u - a potion of might {unknown}
 x - 2 potions of attraction {unknown}


   Skills:
 + Level 3.2 Fighting
 + Level 1.9 Short Blades
 + Level 6.8 Long Blades
 + Level 1.9 Axes
 + Level 1.9 Maces & Flails
 + Level 1.9 Polearms
 + Level 1.9 Staves
 + Level 1.9 Ranged Weapons
 + Level 1.9 Throwing
 + Level 3.2 Armour
 + Level 1.9 Dodging
 + Level 1.9 Stealth
 + Level 1.9 Shields
 + Level 1.9 Unarmed Combat
 + Level 11.4 Spellcasting
 + Level 1.5 Conjurations
 + Level 1.5 Hexes
 + Level 1.5 Summonings
 + Level 1.5 Necromancy
 + Level 1.5 Translocations
 + Level 1.5 Transmutations
 + Level 1.5 Fire Magic
 + Level 1.5 Ice Magic
 + Level 1.5 Air Magic
 + Level 1.5 Earth Magic
 + Level 1.5 Poison Magic
 + Level 2.1 Invocations
 + Level 1.9 Evocations
 + Level 1.7 Shapeshifting


You had 26 spell levels left.
You knew the following spells:

 Your Spells              Type           Power      Damage    Failure   Level
a - Sandblast             Erth           16%        2d6       6%          1

Your spell library contained the following spells:

 Spells                   Type           Power      Damage    Failure   Level
 Apportation              Tloc           16%        N/A       6%          1
 Necrotise                Necr           32%        1d5       6%          1
 Sting                    Tmut/Pois      32%        1d4       6%          1
 Summon Small Mammal      Summ           32%        N/A       6%          1
 Poisonous Vapours        Pois/Air       16%        N/A       10%         2
 Frozen Ramparts          Ice            16%        1d3       19%         3
 Stone Arrow              Conj/Erth      16%        3d8       19%         3
 Olgreb's Toxic Radiance  Pois           8%         N/A       54%         4
 Petrify                  Tmut/Erth      8%         N/A       54%         4
 Metabolic Englaciation   Hex/Ice        4%         N/A       87%         5


Dungeon Overview and Level Annotations

Branches:
Dungeon (4/15)
 Temple: D:4-7

Altars:
Gozag
Okawaru
Ru


Innate Abilities, Weirdness & Mutations

You have very sharp teeth.
Your uncanny sense of smell can sniff out nearby items.
Your experience applies equally to all skills.


Message History

The gnoll bouda hits you with a +0 whip!
The gnoll bouda hits you with a +0 whip.
Casting: Sandblast (safe; 6% risk of failure)
Confirm with . or Enter, or press ? or * to list all spells.
Aiming: Sandblast (safe; 6% risk of failure)
Press: ? - help, Shift-Dir - straight line, f/p - gnoll bouda
Aim: a gnoll bouda, wielding a +0 whip and wearing a +0 robe (moderately wounded, 83% to hit)
The blast of sand hits the gnoll bouda but does no damage.
The gnoll bouda is moderately wounded.
The gnoll bouda barely misses you.
Casting: Sandblast (safe; 6% risk of failure)
Confirm with . or Enter, or press ? or * to list all spells.
Aiming: Sandblast (safe; 6% risk of failure)
Press: ? - help, Shift-Dir - straight line, f/p - gnoll bouda
Aim: a gnoll bouda, wielding a +0 whip and wearing a +0 robe (moderately wounded, 83% to hit)
The blast of sand hits the gnoll bouda.
The gnoll bouda is heavily wounded.
The gnoll bouda hits you with a +0 whip.
The gnoll bouda closely misses you.
Your magical contamination has completely faded away.
Casting: Sandblast (safe; 6% risk of failure)
Confirm with . or Enter, or press ? or * to list all spells.
Aiming: Sandblast (safe; 6% risk of failure)
Press: ? - help, Shift-Dir - straight line, f/p - gnoll bouda
Aim: a gnoll bouda, wielding a +0 whip and wearing a +0 robe (heavily wounded, 83% to hit)
The blast of sand misses the gnoll bouda.
The gnoll bouda hits you with a +0 whip!
* * * LOW HITPOINT WARNING * * *
Casting: Sandblast (safe; 6% risk of failure)
Confirm with . or Enter, or press ? or * to list all spells.
Aiming: Sandblast (safe; 6% risk of failure)
Press: ? - help, Shift-Dir - straight line, f/p - gnoll bouda
Aim: a gnoll bouda, wielding a +0 whip and wearing a +0 robe (heavily wounded, 83% to hit)
The blast of sand hits the gnoll bouda.
The gnoll bouda is severely wounded.
The gnoll bouda hits you with a +0 whip.
* * * LOW HITPOINT WARNING * * *
The gnoll bouda hits you with a +0 whip!
You die...
Your body crumbles into a pile of gold.

#.........# #>........#
#.........# #.........# #
#.........# ## ##<..g.....# #.
#########.....###### #. #
#.........###$# #. ####
#..........@g.# #######.
...###.........##### #.......
##..............## #.......
#...............# #.......
##.........<.###.#########.......
#..###..####...#...>.....#.......
...# #.## ###...##......#......#
##.###.# ###..#.....[#.>....#
#......# ##........#..<...#


You could see a gnoll bouda.

Vanquished Creatures
  An ogre (D:4)
  A hound (D:2)
  6 adders
  A gnoll (D:3)
  4 worms (D:2)
  3 dart slugs (D:1)
  An orc (D:3)
  13 ball pythons
  7 endoplasms
  3 giant cockroaches (D:2)
  10 goblins
  6 hobgoblins
  2 quokkas (D:3)
  6 bats
  5 frilled lizards
  5 kobolds
  7 rats
81 creatures vanquished.

Notes
Turn   | Place    | Note
-------+----------+-------------------------------------------
     0 | D:1      | Reached skill level 11 in Spellcasting
     0 | D:1      | randomguy2701 the Gnoll Wanderer began the quest for the
                  | Orb.
     0 | D:1      | randomguy2701 set off with the following items: a +2
                  | falchion, a +0 scale mail, a potion of brilliance; and the
                  | following spell memorised: Sandblast; and the following
                  | spells available to memorise: Stone Arrow.
     0 | D:1      | Reached XP level 1. HP: 17/17 MP: 12/12
   153 | D:1      | Reached XP level 2. HP: 22/23 MP: 14/14
   226 | D:1      | Reached XP level 3. HP: 11/28 MP: 15/15
   488 | D:1      | Reached skill level 1 in Invocations
  1042 | D:1      | Reached skill level 1 in Short Blades
  1042 | D:1      | Reached skill level 1 in Axes
  1042 | D:1      | Reached skill level 1 in Maces & Flails
  1042 | D:1      | Reached skill level 1 in Polearms
  1042 | D:1      | Reached skill level 1 in Staves
  1042 | D:1      | Reached skill level 1 in Ranged Weapons
  1042 | D:1      | Reached skill level 1 in Throwing
  1042 | D:1      | Reached skill level 1 in Dodging
  1042 | D:1      | Reached skill level 1 in Stealth
  1042 | D:1      | Reached skill level 1 in Shields
  1042 | D:1      | Reached skill level 1 in Unarmed Combat
  1042 | D:1      | Reached skill level 1 in Evocations
  1191 | D:2      | Reached XP level 4. HP: 34/34 MP: 10/17
  1262 | D:2      | Reached skill level 1 in Shapeshifting
  1408 | D:2      | Found a sacrificial altar of Ru.
  1551 | D:2      | Reached skill level 1 in Conjurations
  1551 | D:2      | Reached skill level 1 in Hexes
  1551 | D:2      | Reached skill level 1 in Summonings
  1551 | D:2      | Reached skill level 1 in Necromancy
  1551 | D:2      | Reached skill level 1 in Translocations
  1551 | D:2      | Reached skill level 1 in Transmutations
  1551 | D:2      | Reached skill level 1 in Fire Magic
  1551 | D:2      | Reached skill level 1 in Ice Magic
  1551 | D:2      | Reached skill level 1 in Air Magic
  1551 | D:2      | Reached skill level 1 in Earth Magic
  1551 | D:2      | Reached skill level 1 in Poison Magic
  1910 | D:2      | Reached XP level 5. HP: 29/41 MP: 11/18
  2322 | D:3      | Found an iron altar of Okawaru.
  2322 | D:3      | Found an opulent altar of Gozag.
  2514 | D:3      | Became a worshipper of Gozag Ym Sagoz the Greedy
  2758 | D:4      | Noticed an ogre
  2785 | D:4      | Killed an ogre
  2786 | D:4      | Reached XP level 6. HP: 4/47 MP: 14/20
  3003 | D:3      | Mangled by a gnoll bouda

Illustrated notes

Levels and vault maps discovered:
D:1:      minmay_arrival_jagged, layout_basic, minmay_octomino_c4
D:2:      layout_basic, basic_altar, st_stairs_10, kennysheep_generic_room_13
D:3:      layout_rooms, gammafunk_temple_overflow_wave
D:4:      layout_rooms

Skill      XL: |  1  2  3  4  5 |
---------------+----------------+-----
Spellcasting   | | 11.4
Invocations    | 1 2 |  2.1
Short Blades   | 1 |  1.9
Axes           | 1 |  1.9
Maces & Flails | 1 |  1.9
Polearms       | 1 |  1.9
Staves         | 1 |  1.9
Ranged Weapons | 1 |  1.9
Throwing       | 1 |  1.9
Dodging        | 1 |  1.9
Stealth        | 1 |  1.9
Shields        | 1 |  1.9
Unarmed Combat | 1 |  1.9
Evocations     | 1 |  1.9
Shapeshifting  | 1 |  1.7
Conjurations   | 1 |  1.5
Hexes          | 1 |  1.5
Summonings     | 1 |  1.5
Necromancy     | 1 |  1.5
Translocations | 1 |  1.5
Transmutations | 1 |  1.5
Fire Magic     | 1 |  1.5
Ice Magic      | 1 |  1.5
Air Magic      | 1 |  1.5
Earth Magic    | 1 |  1.5
Poison Magic   | 1 |  1.5
Fighting       | 3 |  3.2
Armour         | 3 |  3.2
Long Blades    | |  6.8

Action                     |  1- 3 |  4- 6 || total
---------------------------+-------+-------++-------
  Melee: Falchion          |    37 |     1 ||    38
   Cast: Sandblast         |    35 |    98 ||   133
 Armour: Scale mail        |    26 |       ||    26
         Robe              |    17 |    46 ||    63
  Dodge: Dodged            |    26 |    55 ||    81

Table legend: (Time is in decaauts)
 A = Elapsed time spent in this place.
 B = Non-inter-level travel time spent in this place.
 C = Inter-level travel time spent in this place.
 D = Time resting spent in this place.
 E = Time spent auto-exploring this place.
 F = Levels seen in this place.
 G = Mean time per level.
                   A        B        C        D        E       F      G
               +--------+--------+--------+--------+--------+-----+--------+
         Total |   3070 |   2949 |    121 |      0 |   2462 |   4 |  767.5 |
       Dungeon |   3070 |   2949 |    121 |      0 |   2462 |   4 |  767.5 |
               +--------+--------+--------+--------+--------+-----+--------+

Top non-repeatable levels by time:
     D:2: 1146 daAuts
     D:1: 1115 daAuts
     D:3: 738 daAuts
     D:4: 70 daAuts
